 Dungeon Crawl Stone Soup version 0.22.0-27-ga576289 (webtiles) character file.

308 tsouns the Chopper (level 6, -7/58 HPs)
             Began as a Hill Orc Chaos Knight on Aug 22, 2018.
             Mangled by Menkaure (16 damage)
             ... on level 4 of the Dungeon.
             The game lasted 00:07:53 (2665 turns).

tsouns the Chopper (Hill Orc Chaos Knight)          Turns: 2665, Time: 00:07:54

Health: -7/58      AC: 13    Str: 17    XL:     6   Next: 40%
Magic:  6/6        EV: 11    Int: 12    God:    Xom [...*..]
Gold:   135        SH:  0    Dex: 10    Spells: 5/5 levels left

rFire    + . .     SeeInvis .   a - +0 hand axe (chaos)
rCold    + . .     Gourm    .   (no shield)
rNeg     . . .     Faith    .   b - +2 leather armour
rPois    +         Spirit   .   (no helmet)
rElec    +         Reflect  .   (no cloak)
rCorr    +         Harm     .   (no gloves)
MR       +....                  v - +0 pair of boots
Stlth    +.........             (no amulet)
HPRegen  0.19/turn              e - +5 ring of protection
MPRegen  0.10/turn              r - ring of resist corrosion

@: resistant
A: slimy green scales 1, magic resistance 1
a: Renounce Religion


You were on level 4 of the Dungeon.
You worshipped Xom.
You were a favourite toy of Xom.
You were not hungry.

You visited 1 branch of the dungeon, and saw 4 of its levels.

You collected 135 gold pieces.

Inventory:

Hand Weapons
 a - a +0 hand axe of chaos (weapon)
Missiles
 d - 266 stones (quivered)
 i - 4 javelins
 w - 4 curare-tipped needles
Armour
 b - a +2 leather armour (worn)
 v - a +0 pair of boots (worn)
 x - a +0 buckler
Jewellery
 e - a +5 ring of protection (left hand)
 r - a ring of resist corrosion (right hand)
Wands
 y - a wand of polymorph (11)
Scrolls
 j - a scroll of identify {unknown}
 m - a scroll of fear {unknown}
 n - a scroll of fog {unknown}
 o - 2 scrolls of teleportation {unknown}
 p - a scroll of enchant weapon {unknown}
 s - a scroll of enchant armour {unknown}
 t - a scroll of remove curse {unknown}
 u - a scroll of amnesia {unknown}
 A - 3 scrolls of blinking {unknown}
Potions
 f - a potion of heal wounds {unknown}
 h - a potion of curing {unknown}
 k - a potion of mutation
 l - a potion of resistance
 q - a potion of agility {unknown}
 z - a potion of lignification {unknown}
Comestibles
 c - 7 rations


   Skills:
 + Level 6.4 Fighting
 + Level 7.1 Axes
 - Level 2.1 Armour
 - Level 0.7 Dodging


You had 5 spell levels left.
You didn't know any spells.
Your spell library contained the following spells:

 Spells                   Type           Power        Failure   Level  Hunger
 Beastly Appendage        Tmut           #.....       36%         1    ##.....
 Sticks to Snakes         Tmut           #.......     52%         2    ###....
 Spider Form              Tmut/Pois      #.........   75%         3    ####...
 Ice Form                 Ice/Tmut       #.......     98%         4    #####..
 Blade Hands              Tmut           #.........   100%        5    ######.


Dungeon Overview and Level Annotations

Branches:
Dungeon (4/15)
 Temple: D:4-7

Altars:
Ashenzari
Cheibriados
Makhleb

Annotations:
D:4 Menkaure


Innate Abilities, Weirdness & Mutations

You are partially covered in slimy green scales. (AC +2)
You are resistant to hostile enchantments. (MR+)


Message History

Menkaure is heavily damaged.
Xom smirks.
You feel aware of your surroundings.
Menkaure calls on the powers of darkness!
Your body is wracked with pain!
* * * LOW HITPOINT WARNING * * *
You hit Menkaure. You burn Menkaure.
Menkaure is heavily damaged.
Menkaure calls on the powers of darkness!
Your body is wracked with pain!
* * * LOW HITPOINT WARNING * * *
Unknown command.
It was a potion of mutation.
You feel extremely strange.
Slimy green scales grow over part of your body.
You feel resistant to hostile enchantments.
It was a potion of resistance.
You feel protected. Menkaure hits you!
You die...
Xom laughs nastily!

*## ##.# ### ***
##..# #.# *,* ##..#*
#.## * ,*
*#######...# ##.#
**,,, ,......M@..#
#...
***,,,,,,.....###..##
##..# *, ,, ,,,...,,
##..# #..## ,,,,,,
**#***, #..## ##..#
,*,,,*,,,,,*,* #...##
##...# ,**,,,*, ,
,*,* ##...## #...##
,,,, ,, ,*,,,* #....#
##...# ,,,,,,*,
,*,*,***
##...###...##
,,<,,,*,,,,,* ,,*
*#.........##*


You could see Menkaure.

Vanquished Creatures
  A howler monkey (D:4)
  Ijyb (D:3)
  3 worker ants (D:4)
  7 adders
  3 oozes
  2 worms
  2 dart slugs
  3 leopard geckos
  2 orcs (D:3)
  2 ball pythons
  13 goblins
  12 hobgoblins
  3 jackals (D:3)
  8 kobolds
  3 quokkas
  8 bats
  2 frilled lizards
  7 rats
82 creatures vanquished.

Vanquished Creatures (others)
  2 jackals (D:4)
  A rat (D:4)
3 creatures vanquished.

Grand Total: 85 creatures vanquished

Notes
Turn   | Place    | Note
-------+----------+-------------------------------------------
     0 | D:1      | tsouns the Hill Orc Chaos Knight began the quest for the Orb.
     0 | D:1      | Reached XP level 1. HP: 19/19 MP: 1/1
     3 | D:1      | XOM: silly message
    46 | D:1      | XOM: harmless Chrm miscast
   158 | D:1      | Reached XP level 2. HP: 27/27 MP: 2/2
   333 | D:1      | XOM: divination: detect creatures
   402 | D:1      | Reached XP level 3. HP: 31/34 MP: 3/3
   516 | D:2      | Found a burning altar of Makhleb.
   556 | D:2      | Reached skill level 5 in Axes
   609 | D:2      | Reached XP level 4. HP: 32/41 MP: 4/4
   739 | D:2      | Found a faded altar of an unknown god.
   816 | D:2      | Reached skill level 5 in Fighting
   963 | D:2      | XOM: potion effect (invisibility)
  1068 | D:2      | XOM: mild Summ miscast
  1185 | D:2      | XOM: silly message
  1380 | D:3      | XOM: scenery: 3 doors open
  1568 | D:3      | Reached XP level 5. HP: 33/48 MP: 5/5
  1683 | D:3      | Reached skill level 6 in Axes
  1807 | D:3      | Found a snail-covered altar of Cheibriados.
  1808 | D:3      | Found a shattered altar of Ashenzari.
  2030 | D:3      | XOM: divination: detect items
  2247 | D:3      | XOM: scenery: 3 doors open
  2320 | D:3      | Noticed Ijyb
  2330 | D:3      | Killed Ijyb
  2483 | D:4      | Reached XP level 6. HP: 53/57 MP: 6/6
  2490 | D:4      | XOM: god gift: wand of disintegration (15)
  2503 | D:4      | Reached skill level 7 in Axes
  2503 | D:4      | XOM: divine lightning
  2507 | D:4      | XOM: polymorph jackal -> rat
  2510 | D:4      | XOM: destruction
  2584 | D:3      | XOM: medium Air miscast
  2655 | D:4      | Noticed Menkaure
  2662 | D:4      | XOM: divination: magic mapping
  2664 | D:4      | Gained mutation: You are partially covered in slimy green scales. (AC +2) [potion of mutation]
  2664 | D:4      | Gained mutation: You are resistant to hostile enchantments. (MR+) [potion of mutation]
  2665 | D:4      | Mangled by Menkaure

Skill      XL: |  1  2  3  4  5  6 |
---------------+-------------------+-----
Fighting       | 4 5 6 |  6.4
Axes           | 5 6 7 |  7.1
Armour         | |  2.1
Dodging        | |  0.7

Action                   |  1- 3 |  4- 6 || total
-------------------------+-------+-------++-------
Melee: Hand axe          |    84 |   191 ||   275
       Unarmed           |       |     4 ||     4
  Use: Potion            |       |     2 ||     2
 Stab: Paralysed         |     2 |     2 ||     4
       Petrified         |       |     3 ||     3
  Eat: Chunk             |       |     6 ||     6
Armor: Leather armour    |    35 |    79 ||   114
Dodge: Dodged            |    62 |   104 ||   166
